 Dungeon Crawl Stone Soup version 0.21.2-1-g0862bd23eb (webtiles) character file.

2517 MordorOrchid the Ruffian (level 9, -11/79 HPs)
             Began as a Troll Wizard on Nov 30, 2019.
             Was a Follower of Cheibriados.
             Mangled by MordorOrchid's ghost (20 damage)
             ... on level 8 of the Dungeon.
             The game lasted 00:17:34 (4917 turns).

MordorOrchid the Ruffian (Troll Wizard)             Turns: 4917, Time: 00:17:35

Health: -11/79     AC: 10    Str: 19    XL:     9   Next: 29%
Magic:  0/20       EV: 11    Int: 19    God:    Cheibriados [*.....]
Gold:   445        SH:  0    Dex: 10    Spells: 1/12 levels left

rFire    + . .     SeeInvis .     - Unarmed
rCold    . . .     Gourm    +   (no shield)
rNeg     . . .     Faith    .   q - +0 troll leather armour (curse)
rPois    .         Spirit   +   b - +1 hat
rElec    .         Reflect  .   v - +1 cloak {+Inv}
rCorr    .         Harm     .   (gloves unavailable)
MR       .....                  (boots unavailable)
Stlth    +.........             B - amulet of guardian spirit
HPRegen  1.03/turn              h - ring of magical power
MPRegen  0.17/turn              z - ring of protection from fire

@: very slightly contaminated, invisible, very slow
A: large, unfitting armour, claws 3, fast metabolism 3, gourmand, regeneration
1, shaggy fur 1, tough skin 2
a: Bend Time, Renounce Religion


You were on level 8 of the Dungeon.
You worshipped Cheibriados.
Cheibriados was aware of your devotion.
You were completely stuffed.

You visited 2 branches of the dungeon, and saw 9 of its levels.

You collected 445 gold pieces.

Inventory:

Hand Weapons
 o - a +3 quarterstaff of chaos
Missiles
 g - 8 needles of sleeping
 j - 4 tomahawks of returning
 l - 27 poisoned needles
 G - 6 tomahawks (quivered)
 H - 4 javelins
Armour
 a - a +0 robe
 b - a +1 hat (worn)
 q - a cursed +0 troll leather armour (worn)
 v - a +1 cloak of invisibility (worn)
Jewellery
 h - a ring of magical power (left claw)
 z - a ring of protection from fire (right claw)
 B - an amulet of guardian spirit (around neck)
Wands
 D - a wand of polymorph (18)
 L - a wand of digging (8)
 N - a wand of enslavement (1)
Scrolls
 e - 2 scrolls of blinking
 f - 3 scrolls of remove curse
 k - a scroll of teleportation
 n - 3 scrolls of magic mapping
 p - 3 scrolls of fog
 s - a scroll of random uselessness {unknown}
 t - a scroll of enchant armour
 u - a scroll of immolation {unknown}
 w - a scroll of brand weapon {unknown}
 y - a scroll of vulnerability
 E - a scroll of torment
 I - a scroll of summoning
 J - a scroll of enchant weapon
Potions
 i - 2 potions of magic
 r - 2 potions of flight
 C - a potion of haste
 F - a potion of resistance
Books
 c - a book of Minor Magic

   Spells                             Type                      Level
   a - Magic Dart                     Conjuration                  1
   b - Blink                          Translocation                2
   c - Call Imp                       Summoning                    2
   d - Slow                           Hexes                        2
   e - Conjure Flame                  Conjuration/Fire             3
   f - Mephitic Cloud                 Conjuration/Poison/Air       3
 A - a book of Conjurations

   Spells                             Type                      Level
   a - Magic Dart                     Conjuration                  1
   b - Searing Ray                    Conjuration                  2
   c - Dazzling Spray                 Conjuration/Hexes            3
   d - Fulminant Prism                Conjuration/Hexes            4
   e - Force Lance                    Conjuration/Translocation    4
   f - Iskenderun's Mystic Blast      Conjuration                  4
 M - a book of Clouds

   Spells                             Type                      Level
   a - Poisonous Vapours              Poison/Air                   2
   b - Mephitic Cloud                 Conjuration/Poison/Air       3
   c - Conjure Flame                  Conjuration/Fire             3
   d - Freezing Cloud                 Conjuration/Ice/Air          6
   e - Ring of Flames                 Charms/Fire                  7
Comestibles
 d - 22 rations
 P - a chunk of flesh


   Skills:
 - Level 2.0 Fighting
 * Level 3.3 Armour
 * Level 5.7 Dodging
 - Level 1.0 Stealth
 + Level 7.8 Unarmed Combat
 - Level 2.0 Spellcasting
 * Level 1.1 Conjurations
 * Level 1.4 Summonings
 - Level 2.0 Translocations
 * Level 0.6 Fire Magic
 * Level 1.0 Invocations
 * Level 1.9 Evocations


You had one spell level left.
You knew the following spells:

 Your Spells              Type           Power        Failure   Level  Hunger
a - Magic Dart            Conj           #...         12%         1    #......
b - Call Imp              Summ           #.......     16%         2    ###....
c - Conjure Flame         Conj/Fire      #.......     38%         3    ###....
g - Mephitic Cloud        Conj/Pois/Air  #.......     45%         3    ###....
x - Blink                 Tloc           N/A          13%         2    ###....


Dungeon Overview and Level Annotations

Branches:
Dungeon (8/15)             Temple (1/1) D:7            Lair (0/6) D:8

Altars:
Ashenzari
Cheibriados
Dithmenos
Elyvilon
Fedhas
Gozag
Hepliaklqana
Kikubaaqudgha
Makhleb
Nemelex Xobeh
Okawaru
Qazlal
Ru
Sif Muna
Trog
Uskayaw
Vehumet
Wu Jian
Xom
Yredelemnul
Zin
The Shining One

Annotations:
D:8 MordorOrchid's ghost, novice TrWz


Innate Abilities, Weirdness & Mutations

You are too large for most types of armour.
You have claws for hands.
Your metabolism is lightning-fast.
You like to eat raw meat.
Your natural rate of healing is unusually fast.
You are covered in fur. (AC +1)
You have very tough skin. (AC +2)


Message History

The magic dart hits you!
* * * LOW HITPOINT WARNING * * *
You scratch MordorOrchid's ghost.
MordorOrchid's ghost is heavily damaged.
Your troll leather armour prevents you from hitting MordorOrchid's ghost.
MordorOrchid's ghost is heavily damaged.
MordorOrchid's ghost gestures at you while chanting.
The magic dart hits you!
* * * LOW HITPOINT WARNING * * *
You catch the helpless MordorOrchid's ghost completely off-guard!
You claw MordorOrchid's ghost!
MordorOrchid's ghost is severely damaged.
MordorOrchid's ghost gestures at you while chanting.
The magic dart hits you!
* * * LOW HITPOINT WARNING * * *
You claw MordorOrchid's ghost!
MordorOrchid's ghost is almost destroyed.
MordorOrchid's ghost shrieks, "What do you have that I didn't have?"
MordorOrchid's ghost hits you!!
You die...

...####### #.# #.##.# ...#
#.# #.##.# .### #.# #.##.#
.# #.# #รท##.# ###### #.#
#.##.# ...55# #.# #.# .#
####.# ##.####.# #W# ###
#.<##<.#...# #5. ..#
#@###.#.#### #.###.# #W#
#.#.# ###.# #.# #.# #.#.#
....###.#### #.# #.#.#
.....W.....# #.# #.#.#
........##.####.###.#.####
.....#.###.#..............#
.... #.###..5.#.#########.#
.. ..#......#.#.#


You could see MordorOrchid's ghost.

Vanquished Creatures
  Grinder (D:5)
  A hungry ghost (D:8)
  The ghost of jaiteiro the Grasshopper, an amateur BaWr of Cheibriados (D:4)
  A phantom (D:6)
  A black bear (D:7)
  An ogre (D:7)
  3 wolves (D:8)
  A centaur (D:7)
  2 crocodiles (D:8)
  Blork the orc (D:5)
  2 bullfrogs
  3 scorpions
  The ghost of MordorOrchid the Ruffian, a weakling TrWz (D:3)
  2 killer bees (D:7)
  A howler monkey (D:7)
  A crimson imp (D:7)
  A centaur zombie (D:5)
  2 hounds
  3 jellies (D:8)
  Crazy Yiuf (D:5)
  2 orc priests (D:4)
  3 orc wizards (D:3)
  4 worker ants
  Natasha (D:3)
  A howler monkey zombie (D:7)
  4 gnolls (D:6)
  11 adders
  2 shadow imps
  5 oozes (D:8)
  An adder skeleton (D:7)
  An adder zombie (D:6)
  2 worms (D:2)
  3 dart slugs
  7 leopard geckos
  11 orcs
  8 bats
  6 giant cockroaches
  6 goblins
  6 hobgoblins
  5 quokkas
  3 frilled lizards
  6 kobolds
  A leopard gecko skeleton (D:6)
  8 rats
137 creatures vanquished.

Vanquished Creatures (collateral kills)
  A killer bee (D:7)
1 creature vanquished.

Vanquished Creatures (others)
  A porcupine (D:8)
  3 fungi (D:8)
  5 plants (D:8)
9 creatures vanquished.

Grand Total: 147 creatures vanquished

Notes
Turn   | Place    | Note
-------+----------+-------------------------------------------
     0 | D:1      | MordorOrchid the Troll Wizard began the quest for the Orb.
     0 | D:1      | Reached XP level 1. HP: 16/16 MP: 2/2
   134 | D:1      | Reached skill level 1 in Unarmed Combat
   140 | D:1      | Reached XP level 2. HP: 26/26 MP: 4/4
   150 | D:1      | Learned a level 2 spell: Blink
   153 | D:1      | Learned a level 2 spell: Call Imp
   211 | D:1      | Reached skill level 1 in Fighting
   410 | D:2      | Reached skill level 2 in Unarmed Combat
   410 | D:2      | Reached XP level 3. HP: 33/33 MP: 2/5
   887 | D:2      | Reached XP level 4. HP: 37/41 MP: 6/6
  1237 | D:3      | Noticed MordorOrchid's ghost (weakling TrWz)
  1255 | D:3      | Reached skill level 3 in Unarmed Combat
  1259 | D:3      | Killed MordorOrchid's ghost
  1259 | D:3      | Reached XP level 5. HP: 10/49 MP: 7/7
  1283 | D:3      | Found a sacrificial altar of Ru.
  1441 | D:3      | Found a bloodstained altar of Trog.
  1626 | D:3      | Noticed Natasha
  1632 | D:3      | Killed Natasha
  1867 | D:3      | Reached skill level 4 in Unarmed Combat
  1872 | D:3      | Reached XP level 6. HP: 30/57 MP: 8/8
  1883 | D:3      | Learned a level 3 spell: Conjure Flame
  2118 | D:4      | Found a shattered altar of Ashenzari.
  2124 | D:4      | Noticed jaiteiro's ghost (amateur BaWr)
  2149 | D:4      | Killed jaiteiro's ghost
  2149 | D:4      | Reached skill level 5 in Unarmed Combat
  2265 | D:4      | Reached XP level 7. HP: 57/65 MP: 9/9
  2528 | D:5      | Entered Level 5 of the Dungeon
  2693 | D:5      | Noticed Grinder
  2704 | D:5      | Killed Grinder
  2704 | D:5      | Reached skill level 1 in Armour
  2704 | D:5      | Reached skill level 6 in Unarmed Combat
  2777 | D:5      | Found an opulent altar of Gozag.
  2821 | D:5      | Noticed Blork the orc
  2873 | D:5      | Killed Blork the orc
  2969 | D:5      | Found a runed door.
  2975 | D:5      | Noticed Crazy Yiuf
  2988 | D:5      | Killed Crazy Yiuf
  3158 | D:6      | Reached XP level 8. HP: 72/72 MP: 10/10
  3174 | D:6      | Learned a level 3 spell: Mephitic Cloud
  3724 | D:7      | Reached skill level 1 in Translocations
  3747 | D:7      | Reached skill level 5 in Dodging
  3878 | D:7      | Reached skill level 1 in Evocations
  3891 | D:7      | Reached skill level 7 in Unarmed Combat
  4048 | D:7      | Found a staircase to the Ecumenical Temple.
  4072 | Temple   | Entered the Ecumenical Temple
  4079 | Temple   | Became a worshipper of Cheibriados the Contemplative
  4632 | D:8      | Reached skill level 1 in Summonings
  4650 | D:8      | Reached XP level 9. HP: 52/79 MP: 11/11
  4691 | D:8      | Noticed MordorOrchid's ghost (novice TrWz)
  4736 | D:8      | Found a staircase to the Lair.
  4795 | D:8      | Reached * piety under Cheibriados
  4795 | D:8      | Reached skill level 1 in Conjurations
  4815 | D:8      | Reached skill level 1 in Invocations
  4905 | D:8      | HP: 2/79 [MordorOrchid's ghost (16)]
  4917 | D:8      | Mangled by MordorOrchid's ghost

Skill      XL: |  1  2  3  4  5  6  7  8  9 |
---------------+----------------------------+-----
Unarmed Combat | 1 2 3 4 5 6 7 |  7.8
Fighting       | 1 2 |  2.0
Dodging        | 2 3 4 5 |  5.7
Armour         | 1 3 |  3.3
Translocations | 1 2 |  2.0
Evocations     | 1 |  1.9
Summonings     | 1 |  1.4
Conjurations   | 1 |  1.1
Invocations    | 1 |  1.0
Stealth        | |  1.0
Spellcasting   | |  2.0
Fire Magic     | |  0.6

Action                   |  1- 3 |  4- 6 |  7- 9 || total
-------------------------+-------+-------+-------++-------
Melee: Unarmed           |    99 |   161 |   295 ||   555
       Punch             |       |     1 |     8 ||     9
Throw: Tomahawk          |       |       |    11 ||    11
 Cast: Magic Dart        |     6 |     5 |    17 ||    28
       Call Imp          |       |       |    10 ||    10
       Mephitic Cloud    |       |       |     5 ||     5
       Conjure Flame     |       |       |     4 ||     4
 Abil: Evoke Invisibilit |       |       |     1 ||     1
Evoke: Wand              |       |       |     2 ||     2
  Use: Scroll            |     7 |       |    12 ||    19
       Potion            |       |     1 |     6 ||     7
 Stab: Sleeping          |     2 |     1 |       ||     3
       Confused          |       |       |     1 ||     1
       Invisible         |       |       |     2 ||     2
  Eat: Chunk             |    10 |    13 |    35 ||    58
Armor: Robe              |    44 |    57 |    21 ||   122
       Skin              |       |       |    12 ||    12
       Troll leather arm |       |       |    80 ||    80
Dodge: Dodged            |    53 |    77 |   138 ||   268
